 Dungeon Crawl Stone Soup version 0.23.2-33-g5129a83184 (webtiles) character file.

Game seed: 14597225900476302870

1460608 Sylven the Slayer (level 27, 219/234 HPs)
             Began as a Centaur Hunter on Aug 7, 2019.
             Was the Champion of Okawaru.
             Escaped with the Orb
             ... and 3 runes on Aug 8, 2019!
             The game lasted 12:05:04 (101441 turns).

Sylven the Slayer (Centaur Hunter)                Turns: 101441, Time: 12:05:05

Health: 219/234    AC: 33    Str: 30      XL:     27
Magic:  34/34      EV: 20    Int:  5 (9)  God:    Okawaru [******]
Gold:   3464       SH:  3    Dex: 31      Spells: 5/26 levels left

rFire    + . .     SeeInvis +   a - +8 longbow of Zagaladucou {venom, rF- Dex+5}
rCold    + . .     Gourm    .   (shield currently unavailable)
rNeg     . . .     Faith    .   t - +9 scale mail of Light {rF+ Str+4 Dex+4}
rPois    +         Spirit   .   P - +0 mask of the Dragon {MR+ Slay+3 SInv}
rElec    +         Reflect  +   Y - +4 cloak "Ejut" {Dex+3}
rCorr    .         Harm     .   E - +2 pair of gloves {Str+3}
MR       ++++.     Rnd*Rage +   U - +1 centaur barding of Negation {rElec rF+ rC+ Int-4}
Stlth    +.........             v - amulet of Bessirgh {Reflect +Fly rPois Int+5 SH+3}
HPRegen  0.49/turn              u - +5 ring of slaying
MPRegen  0.24/turn              h - ring of Doinonn {MR+ Dex+4}

@: very quick
A: large, hooves 3, see invisible, berserk 3, deformed body, dopey 1, speed 2,
frail 1, low mp 1, screaming 1, inhibited regeneration, tough skin 3, no potion
heal 1
0: Orb of Zot
}: 3/15 runes: serpentine, barnacled, silver
a: Heroism, Finesse, Renounce Religion, Evoke Flight


You escaped.
You worshipped Okawaru.
Okawaru was exalted by your worship.
You were full.

You visited 10 branches of the dungeon, and saw 50 of its levels.
You also visited: Sewer, Bailey and Desolation.

You collected 6969 gold pieces.
You spent 3505 gold pieces at shops.

Inventory:

Hand Weapons
 a - the +8 longbow of Zagaladucou (weapon) {venom, rF- Dex+5}
   (Okawaru gifted it to you on level 4 of the Vaults)

   It poisons the ammo it fires.
   It affects your dexterity (+5).
   It makes you vulnerable to fire.
 b - the +10 dagger "Giorr" {pierce, MR+}
   (You took it off a deep elf death mage on level 3 of the Elven Halls)

   It inflicts extra damage upon your enemies.
   It affects your resistance to hostile enchantments.
 l - a +4 longbow of flaming
 I - a +3 longbow of freezing
 W - the +7 great mace "Firestarter" {inner flame, rF++}
   (You took it off a vampire knight on level 3 of the Depths)

   It has been specially enchanted to burn those struck by it, causing extra
   injury to most foes and up to half again as much damage against particularly
   susceptible opponents.
   It greatly protects you from fire.
Missiles
 d - 987 arrows (quivered)
Armour
 t - the +9 scale mail of Light (worn) {rF+ Str+4 Dex+4}
   (Okawaru gifted it to you on level 1 of the Orcish Mines)

   It affects your strength (+4).
   It affects your dexterity (+4).
   It protects you from fire.
 E - a +2 pair of gloves of strength (worn)
 N - a +4 centaur barding of flying
 P - the +0 mask of the Dragon (worn) {MR+ Slay+3 SInv}
   (You found it in the Desolation of Salt)

   It affects your accuracy and damage with ranged weapons and melee attacks
   (+3).
   It affects your resistance to hostile enchantments.
   It lets you see invisible.
 U - the +1 centaur barding of Negation (worn) {rElec rF+ rC+ Int-4}
   (Okawaru gifted it to you on level 1 of the Elven Halls)

   It affects your intelligence (-4).
   It protects you from fire.
   It protects you from cold.
   It insulates you from electricity.
 Y - the +4 cloak "Ejut" (worn) {Dex+3}
   (You found it in the Desolation of Salt)

   It affects your dexterity (+3).
Jewellery
 h - the ring of Doinonn (right hand) {MR+ Dex+4}
   (You found it in the Desolation of Salt)

   [ring of protection from magic]

   It affects your dexterity (+4).
   It affects your resistance to hostile enchantments.
 o - the ring of Usuicoiz {MR+ Int+2 SInv}
   (You found it on level 3 of the Elven Halls)

   [ring of see invisible]

   It affects your intelligence (+2).
   It affects your resistance to hostile enchantments.
   It lets you see invisible.
 u - a +5 ring of slaying (left hand)
 v - the amulet of Bessirgh (around neck) {Reflect +Fly rPois Int+5 SH+3}
   (You bought it in a shop on level 2 of the Orcish Mines)

   [amulet of reflection]

   It shields you and reflects attacks.
   It affects your intelligence (+5).
   It protects you from poison.
   It lets you fly.
   It affects your SH (+3).
 B - the ring "Tyddux" {rElec rN+}
   (You found it on level 14 of the Dungeon)

   [ring of positive energy]

   It insulates you from electricity.
   It protects you from negative energy.
 H - the amulet of the Heron {Spirit +Fly MR- Str+2}
   (You took it off a draconian shifter on level 4 of the Realm of Zot)

   [amulet of guardian spirit]

   It causes incoming damage to be split between your health and magic.
   It affects your strength (+2).
   It affects your resistance to hostile enchantments.
   It lets you fly.
 V - the ring "Umuciguh" {Dex+4 Stlth+}
   (You found it in the Desolation of Salt)

   [ring of stealth]

   It affects your dexterity (+4).
   It makes you more stealthy.
Wands
 c - a wand of acid (23)
 g - a wand of paralysis (38)
 x - a wand of iceblast (56)
 J - a wand of polymorph (28)
 K - a wand of enslavement (7)
 L - a wand of digging (21)
 O - a wand of flame (171)
 X - a wand of disintegration (56)
Scrolls
 e - 2 scrolls of summoning
 i - 3 scrolls of brand weapon
 k - 3 scrolls of enchant armour
 m - 23 scrolls of remove curse
 q - 8 scrolls of fog
 s - 7 scrolls of fear
 y - 5 scrolls of magic mapping
 z - 24 scrolls of teleportation
 G - 8 scrolls of blinking
 Q - 7 scrolls of immolation
 R - a scroll of holy word
 S - a scroll of identify
Potions
 j - 4 potions of mutation
 n - a potion of flight
 p - 12 potions of lignification
 r - a potion of cancellation
 w - 7 potions of agility
 A - 11 potions of curing
 D - 10 potions of haste
 F - 6 potions of might
 M - 6 potions of heal wounds
 T - 2 potions of resistance
 Z - a potion of berserk rage
Comestibles
 f - 83 rations


   Skills:
 + Level 24.0 Fighting
 - Level 10.0 Short Blades
 - Level 20.0 Bows
 - Level 10.8 Armour
 - Level 13.5 Dodging
 - Level 6.4 Stealth
 * Level 20.5 Translocations
 * Level 23.7 Invocations


You had 5 spell levels left.
You knew the following spells:

 Your Spells              Type           Power        Failure   Level  Hunger
a - Portal Projectile     Hex/Tloc       ##....       4%          3    ####...
b - Blink                 Tloc           N/A          1%          2    ###....
c - Teleport Other        Tloc           ###.....     1%          3    ####...
d - Gell's Gravitas       Tloc           ###.......   1%          3    ####...
e - Passage of Golubria   Tloc           N/A          1%          4    #####..
f - Dispersal             Tloc           ###.......   3%          6    #######

Your spell library contained the following spells:

 Spells                   Type           Power        Failure   Level  Hunger
 Lesser Beckoning         Tloc           ###.......   1%          3    ####...
 Shroud of Golubria       Chrm/Tloc      ##........   2%          2    ###....
 Recall                   Summ/Tloc      N/A          4%          3    ####...
 Force Lance              Conj/Tloc      ##......     14%         4    #####..
 Summon Forest            Summ/Tloc      ##........   36%         5    ######.
 Animate Skeleton         Necr           N/A          67%         1    ##.....
 Confusing Touch          Hex            #.....       67%         1    ##.....
 Corona                   Hex            #......      67%         1    ##.....
 Flame Tongue             Conj/Fire      #....        67%         1    ##.....
 Freeze                   Ice            #...         67%         1    ##.....
 Infusion                 Chrm           #...         67%         1    ##.....
 Magic Dart               Conj           #...         67%         1    ##.....
 Pain                     Necr           #...         67%         1    ##.....
 Sandblast                Erth           #.....       67%         1    ##.....
 Summon Butterflies       Summ           #.......     67%         1    ##.....
 Summon Small Mammal      Summ           #...         67%         1    ##.....
 Call Imp                 Summ           #.......     82%         2    ###....
 Corpse Rot               Necr           N/A          82%         2    ###....
 Passwall                 Tmut/Erth      #.......     82%         2    ###....
 Searing Ray              Conj           #.....       82%         2    ###....
 Slow                     Hex            #.......     82%         2    ###....
 Song of Slaying          Chrm           #.......     82%         2    ###....
 Sublimation of Blood     Necr           #.........   82%         2    ###....
 Swiftness                Chrm/Air       #.......     82%         2    ###....
 Throw Flame              Conj/Fire      #.....       82%         2    ###....
 Call Canine Familiar     Summ           #.......     96%         3    ####...
 Confuse                  Hex            #.......     96%         3    ####...
 Conjure Flame            Conj/Fire      #.......     96%         3    ####...
 Dazzling Spray           Conj/Hex       #.....       96%         3    ####...
 Ignite Poison            Fire/Tmut/Pois #.......     96%         3    ####...
 Inner Flame              Hex/Fire       #.......     96%         3    ####...
 Mephitic Cloud           Conj/Pois/Air  #.......     96%         3    ####...
 Regeneration             Chrm/Necr      #.........   96%         3    ####...
 Spectral Weapon          Hex/Chrm       #.......     96%         3    ####...
 Spider Form              Tmut/Pois      #.........   96%         3    ####...
 Stone Arrow              Conj/Erth      #.....       96%         3    ####...
 Summon Guardian Golem    Hex/Summ       #.......     96%         3    ####...
 Vampiric Draining        Necr           #.........   96%         3    ####...
 Animate Dead             Necr           N/A          100%        4    #####..
 Cause Fear               Hex            #.........   100%        4    #####..
 Fulminant Prism          Conj/Hex       #.........   100%        4    #####..
 Ice Form                 Ice/Tmut       #.......     100%        4    #####..
 Iskenderun's Mystic Bla  Conj           #.......     100%        4    #####..
 Leda's Liquefaction      Hex/Erth       #.........   100%        4    #####..
 Petrify                  Tmut/Erth      #.......     100%        4    #####..
 Sticky Flame             Conj/Fire      #.......     100%        4    #####..
 Summon Ice Beast         Ice/Summ       #.......     100%        4    #####..
 Summon Lightning Spire   Summ/Air       #.......     100%        4    #####..
 Throw Icicle             Conj/Ice       #.......     100%        4    #####..
 Alistair's Intoxication  Tmut/Pois      #.......     100%        5    ######.
 Aura of Abjuration       Summ           #.........   100%        5    ######.
 Bolt of Magma            Conj/Fire/Erth #.........   100%        5    ######.
 Borgnjor's Vile Clutch   Necr/Erth      #.........   100%        5    ######.
 Dispel Undead            Necr           #.......     100%        5    ######.
 Fireball                 Conj/Fire      #.........   100%        5    ######.
 Irradiate                Conj/Tmut      #.........   100%        5    ######.
 Iskenderun's Battlesphe  Conj/Chrm      #.......     100%        5    ######.
 Lee's Rapid Deconstruct  Erth           #.........   100%        5    ######.
 Metabolic Englaciation   Hex/Ice        #.........   100%        5    ######.
 Summon Demon             Summ           #.........   100%        5    ######.
 Summon Mana Viper        Hex/Summ       #.......     100%        5    ######.
 Venom Bolt               Conj/Pois      #.........   100%        5    ######.
 Yara's Violent Unravell  Hex/Tmut       #.........   100%        5    ######.
 Controlled Blink         Tloc           N/A          80%         8    #######
 Disjunction              Tloc           ###.......   80%         8    #######
 Bolt of Cold             Conj/Ice       #.........   100%        6    #######
 Bolt of Fire             Conj/Fire      #.........   100%        6    #######
 Conjure Ball Lightning   Conj/Air       #.........   100%        6    #######
 Deflect Missiles         Chrm/Air       #.........   100%        6    #######
 Freezing Cloud           Conj/Ice/Air   #.........   100%        6    #######
 Hydra Form               Tmut           #.........   100%        6    #######
 Iron Shot                Conj/Erth      #.........   100%        6    #######
 Ozocubu's Refrigeration  Ice            #.........   100%        6    #######
 Shadow Creatures         Summ           N/A          100%        6    #######
 Simulacrum               Ice/Necr       #.........   100%        6    #######
 Statue Form              Tmut/Erth      #........    100%        6    #######
 Dragon Form              Tmut           #.........   100%        7    #######
 Malign Gateway           Summ/Tloc      ##........   100%        7    #######
 Orb of Destruction       Conj           #.........   100%        7    #######
 Ring of Flames           Chrm/Fire      #.........   100%        7    #######
 Spellforged Servitor     Conj/Summ      #.........   100%        7    #######
 Summon Hydra             Summ           #.........   100%        7    #######
 Ignition                 Fire           #.........   100%        8    #######


Dungeon Overview and Level Annotations

Branches:
Dungeon (15/15)            Temple (1/1) D:7            Lair (6/6) D:10
 Shoals (4/4) Lair:3        Snake (4/4) Lair:3        Slime (0/5) Lair:6
    Orc (2/2) D:12            Elf (3/3) Orc:2        Vaults (5/5) D:14
  Crypt (0/3) Vaults:3     Depths (5/5) D:15            Zot (5/5) Depths:5

Altars:
Ashenzari
Cheibriados
Dithmenos
Elyvilon
Fedhas
Gozag
Hepliaklqana
Kikubaaqudgha
Makhleb
Nemelex Xobeh
Okawaru
Qazlal
Ru
Sif Muna
Trog
Uskayaw
Vehumet
Wu Jian
Xom
Yredelemnul
Zin
The Shining One
Beogh
Jiyva

Shops:
D:9 *   D:11 (   D:13 %   Orc:2 (*[=   Shoals:1 =[}   Vaults:1 *   Vaults:3 (
Vaults:4 %   Depths:5 !

Portals:
Hell: Depths:1 Depths:2 Depths:3 Depths:4 Depths:5
Abyss: Depths:1 Depths:3 Depths:4
Pandemonium: Depths:3 Depths:4
Ziggurat: Depths:5

Annotations:
D:2 2 exclusions, Sigmund
D:4 exclusion: downstairs
D:6 exclusion: 2 downstairs
D:7 1 runed translucent door, euginm's ghost, novice KoEn
D:8 digging to obtain ring
D:13 3 runed translucent doors, Eclipse's ghost, journeyman DgWn
Shoals:1 3 runed translucent doors, 1 exclusion, grerr's ghost, journeyman DsAK; gwm's ghost, journeyman MiBe; haesbaert's ghost, journeyman OgTm
Snake:1 exclusion: downstairs
Vaults:1 3 runed translucent doors, exclusion: obsidian statue, Kikkiu's ghost, adept MfHu
Zot:1 exclusion: downstairs
Zot:2 exclusion: upstairs
Zot:5 3 runed translucent doors, AxeAttX's ghost, adept DDFi; Delanovic's ghost, legendary GrFi; Name63's ghost, legendary GnWn; sipior's ghost, master HOFi


Innate Abilities, Weirdness & Mutations

You have hooves in place of feet.
Armour fits poorly on your strangely shaped body.
You cover ground very quickly.
You have extremely tough skin. (AC +3)
You have supernaturally acute eyesight. (SInv)
You have an uncontrollable temper.
You are dopey. (Int -2)
You are frail. (-10% HP)
Your magical capacity is low. (-10% MP)
You occasionally shout uncontrollably at your foes.
You do not regenerate when monsters are visible.
Potions are less effective at restoring your health.


Message History

You feel your dexterity returning.
Firing (i - inventory)
d - 988 arrows (quivered)
Press: ? - help, Shift-Dir - straight line, f - you
Okay, then.
There is an open door here.
You see here a cursed -2 club.
There is an open door here.
A hellion comes into view.
Press: ? - help, v - describe, . - travel
Here: a hellion The floor.
Firing (i - inventory)
d - 988 arrows (quivered)
Press: ? - help, Shift-Dir - straight line, f - hellion
Aim: a hellion You shoot an arrow.
The arrow hits the hellion!!!
You kill the hellion!
Okawaru accepts your kill.
There is an open door here.
There is a staircase leading out of the dungeon here.
You have escaped!

.......##......#
#.)...#.#
.......#.......#
#.###.#.#
...............# #'#
#...# .......#.#.#####
##.####..# .......#.#.#
### #...# #.>#
.......#.#.#
##.###...######
.......#.#.# #...#.....#
#.##+#)#.#.####...#.....#
#+##+#.#.#.#..#.@.'(.8..#
.......#.#.#..#...#.....#
.......#.#.#..#...#.....#
.......#.#.#..##.###...##
......##.#.#..#### #...#
......##.#.#..#######.##
......##.#.#........#'#
...........#..#####...#
########.###..# #####


There were no monsters in sight!

Vanquished Creatures
  4 ancient liches
  5 orbs of fire
  Boris (twice) (Depths:3 Vaults:5)
  11 Killer Klowns
  Xtahua (Vaults:4)
  A caustic shrike (Depths:3)
  Saint Roka (Vaults:4)
  2 curse toes
  Bai Suzhen (Vaults:2)
  7 golden dragons
  Nikola (Shoals:1)
  the Enchantress (Depths:1)
  2 electric golems (Zot:5)
  14 tentacled monstrosities
  3 liches
  27 Orb Guardians
  5 deep elf blademasters
  4 deep elf master archers (Elf:3)
  Asterion (Snake:4)
  10 titans
  8 quicksilver dragons
  6 death cobs
  Agnes (Snake:1)
  7 tengu reavers
  2 krakens
  7 sphinxes
  4 storm dragons
  7 shadow dragons
  A revenant (Vaults:3)
  Roxanne (Elf:3)
  4 draconian monks
  Kirke (D:13)
  10 nagarajas
  3 ghost moths
  An iron dragon (Vaults:5)
  7 fire giants
  3 draconian knights
  7 deep elf sorcerers (Elf:3)
  3 frost giants
  2 orc warlords (Orc:1)
  Aizul (Snake:4)
  A balrug (Depths:2)
  5 draconian scorchers
  6 deep elf elementalists
  13 vault wardens
  5 draconian shifters
  6 very ugly things
  5 draconian stormcallers
  15 ironheart preservers
  2 juggernaut zombies
  5 spriggan defenders
  3 war gargoyles (Vaults:5)
  28 stone giants
  A reaper (Depths:4)
  5 draconian annihilators
  4 vampire knights
  7 green draconians
  3 entropy weavers
  9 deep elf annihilators
  6 deep elf demonologists
  6 black draconians
  7 white draconians
  11 yellow draconians
  A halazid warlock (Desolation)
  8 purple draconians
  4 red draconians
  8 spark wasps
  11 ettins
  A green death (D:1)
  6 deep elf death magi
  Snorg (D:11)
  A blizzard demon (Depths:2)
  5 fire dragons
  3 crystal guardians (Desolation)
  5 merfolk impalers
  4 merfolk javelineers
  8 deep elf high priests
  2 jiangshi (Depths:1)
  7 ragged hierophants (Desolation)
  8 great orbs of eyes
  18 ice dragons
  19 naga warriors
  16 yaktaur captains
  7 peacekeepers (Desolation)
  Harold (D:6)
  8 servants of whispers (Desolation)
  2 catoblepae
  A merfolk avatar (Shoals:4)
  6 spriggan air magi
  35 vault guards
  A monstrous demonspawn (Depths:4)
  7 hydras
  5 rakshasas
  2 death knights
  10 centaur warriors
  13 anacondas
  An alligator snapping turtle (shapeshifter) (Depths:3)
  5 merfolk aquamancers
  A two-headed ogre (shapeshifter) (Depths:4)
  30 two-headed ogres
  7 deep troll shamans
  27 dancing weapons
  An alligator snapping turtle (Shoals:2)
  2 deep troll earth magi
  2 satyrs
  3 tengu warriors
  An orc high priest (Orc:2)
  14 ogre magi
  2 vampire magi
  7 spriggan berserkers
  6 shock serpents
  Sonja (Lair:6)
  7 naga sharpshooters
  Urug (Orc:2)
  A soul eater (D:6)
  4 sun demons (Depths:2)
  6 skeletal warriors
  18 deep elf knights
  5 hell knights (Depths:1)
  2 iron trolls
  5 shadow wraiths
  3 unseen horrors
  A golden dragon zombie (Depths:3)
  2 salamander mystics
  17 sea snakes
  A glowing orange brain (shapeshifter) (Vaults:5)
  6 glowing orange brains
  10 deep elf archers
  An infernal demonspawn (Depths:4)
  6 flayed ghosts
  6 naga ritualists
  10 orc knights
  4 phantasmal warriors
  A sphinx zombie (Vaults:2)
  22 deep trolls
  18 ironbrand convokers
  8 necromancers
  22 harpies
  3 wizards
  4 wolf spiders
  2 stone giant zombies (D:15)
  5 orc sorcerers
  31 ugly things
  9 mana vipers
  A frost giant zombie (Depths:3)
  10 salamanders
  64 deep elf magi
  A fire giant zombie (Depths:2)
  An iron dragon zombie (Depths:2)
  9 manticores
  17 moths of wrath
  10 cyclopes
  8 fauns
  A sphinx skeleton (Depths:2)
  24 guardian serpents
  A frost giant skeleton (Depths:2)
  An elf zombie (Depths:3)
  8 water nymphs
  22 naga magi
  2 stone giant skeletons
  3 centaur zombies
  12 merfolk sirens
  A human skeleton (Vaults:2)
  16 vault sentinels
  A black mamba (shapeshifter) (Depths:3)
  2 rust devils (Depths:4)
  An eye of devastation (shapeshifter) (Depths:4)
  A rime drake (shapeshifter) (Depths:5)
  32 black mambas
  15 eyes of devastation (Depths:2)
  A spiny frog (shapeshifter) (Vaults:4)
  2 gargoyles (D:11)
  12 spiny frogs
  36 yaktaurs
  A hellion (D:1)
  2 human zombies
  6 komodo dragons
  5 freezing wraiths
  A yaktaur (shapeshifter) (Vaults:2)
  2 rime drakes
  A guardian mummy (D:15)
  4 ice devils (Depths:2)
  A queen bee (Lair:1)
  A merfolk (shapeshifter) (Vaults:5)
  2 hellwings
  A red devil (Depths:4)
  A yaktaur skeleton (Vaults:4)
  4 tengu conjurers
  2 wind drakes (shapeshifter)
  2 jumping spiders
  9 trolls
  A wolf spider simulacrum (D:15)
  28 merfolk
  A polar bear (Lair:4)
  10 wind drakes
  11 hornets
  A tengu simulacrum (Depths:3)
  14 blink frogs
  47 slime creatures
  11 snapping turtles
  24 dream sheep
  21 hippogriffs
  62 saltlings (Desolation)
  5 air elementals
  6 spriggans
  2 spriggans (shapeshifter)
  A flying skull (Vaults:3)
  2 vampires
  5 redbacks
  11 water elementals
  51 yaks
  3 wraiths
  An ice dragon skeleton (D:15)
  4 hogs (D:13)
  17 wyverns
  A golden eye (Depths:2)
  2 fire elementals
  5 basilisks
  A steam dragon (D:10)
  Menkaure (D:5)
  3 vampire mosquitoes (D:12)
  Edmund (D:6)
  68 nagas
  4 wargs
  A soldier ant (D:14)
  An acid dragon (D:13)
  5 hell hounds (Zot:5)
  23 water moccasins
  9 porcupines
  56 orc warriors
  8 sky beasts
  A black bear (shapeshifter) (Elf:2)
  2 necrophages (D:9)
  A hornet zombie (D:13)
  An ettin simulacrum (Vaults:2)
  48 ogres
  An eye of draining (shapeshifter) (Vaults:4)
  A black bear (D:6)
  2 eyes of draining (D:10)
  6 ice beasts
  A boggart (Depths:3)
  11 crocodiles
  2 phantoms
  29 centaurs
  10 big kobolds
  Blork the orc (Orc:2)
  20 bullfrogs
  4 earth elementals
  4 gnoll sergeants (D:12)
  3 jellies
  5 scorpions
  27 killer bees
  A water moccasin skeleton (D:10)
  A human simulacrum (Vaults:4)
  An electric eel (Lair:1)
  15 wights
  4 howler monkeys
  18 crimson imps
  A quasit (D:11)
  3 bullfrog zombies
  6 hounds
  23 orc priests
  A gnoll shaman (D:10)
  2 iron imps (Depths:4)
  3 centaur skeletons
  A bullfrog skeleton (D:10)
  4 iguanas
  16 orc wizards
  9 worker ants
  A killer bee zombie (D:7)
  A hound zombie (D:9)
  3 worker ant zombies
  12 gnolls
  9 adders
  10 shadow imps
  10 white imps
  An ufetubus (Depths:4)
  4 oozes
  An adder skeleton (D:4)
  2 adder zombies (D:6)
  5 worms
  A dart slug (D:3)
  6 leopard geckos
  105 orcs
  A giant cockroach (D:5)
  7 goblins
  6 hobgoblins
  26 jackals
  35 kobolds
  6 quokkas
  5 ball pythons
  A ball python zombie (D:6)
  11 bats
  2 frilled lizards
  A leopard gecko zombie (D:8)
  2 quokka skeletons
  2 quokka zombies
  9 rats
  A butterfly (Lair:2)
  2 crawling corpses (Vaults:5)
  2 fungi (Lair:6)
  2 plants (Lair:6)
  2 tentacles (Shoals:3)
2398 creatures vanquished.

Vanquished Creatures (others)
  A draconian knight (Zot:1)
  A stone giant (Vaults:5)
  A yaktaur captain (Depths:4)
  A centaur warrior (Vaults:4)
  A satyr (Shoals:4)
  A naga sharpshooter (Snake:4)
  A deep elf archer (Vaults:3)
  2 deep elf magi (Elf:1)
  2 yaktaurs (Vaults:1)
  2 saltlings (Desolation)
  A human (D:13)
  13 fungi (Lair:6)
  18 pillars of salt (Elf:1)
  21 plants
  10 tentacles
  7 withered plants
83 creatures vanquished.

Grand Total: 2481 creatures vanquished

Notes
Turn   | Place    | Note
-------+----------+-------------------------------------------
     0 | D:1      | Sylven the Centaur Hunter began the quest for the Orb.
     0 | D:1      | Reached XP level 1. HP: 17/17 MP: 1/1
   300 | D:1      | Reached XP level 2. HP: 18/24 MP: 2/2
  1031 | D:1      | Reached XP level 3. HP: 21/30 MP: 3/3
  1638 | D:2      | Found a shattered altar of Ashenzari.
  2249 | D:1      | Reached XP level 4. HP: 30/37 MP: 4/4
  2451 | D:2      | Found a burning altar of Makhleb.
  2653 | D:2      | Noticed Sigmund
  2779 | D:2      | Found a basalt altar of Yredelemnul.
  2779 | D:2      | Found an opulent altar of Gozag.
  3085 | D:3      | Reached skill level 3 in Fighting
  3337 | D:3      | Reached XP level 5. HP: 45/45 MP: 5/5
  4689 | D:5      | Entered Level 5 of the Dungeon
  4689 | D:5      | Noticed an ice beast
  4689 | D:5      | Noticed a centaur
  5047 | D:5      | Noticed Menkaure
  5089 | D:5      | Killed Menkaure
  5089 | D:5      | Reached XP level 6. HP: 29/52 MP: 6/6
  5713 | D:5      | Found a white marble altar of Elyvilon.
  5874 | D:5      | Reached skill level 4 in Fighting
  6201 | D:5      | Reached XP level 7. HP: 59/59 MP: 7/7
  7166 | D:6      | Reached skill level 10 in Bows
  7276 | D:6      | Reached skill level 5 in Fighting
  7276 | D:6      | Reached XP level 8. HP: 40/68 MP: 8/8
  7517 | D:6      | Found a glowing drain.
  7533 | Sewer    | Entered a sewer
  8025 | D:6      | Noticed Edmund
  8054 | D:6      | Killed Edmund
  8684 | D:5      | Reached skill level 6 in Fighting
  9056 | D:6      | Reached XP level 9. HP: 75/75 MP: 9/9
  9354 | D:7      | Noticed Harold
  9893 | D:6      | Killed Harold
  9893 | D:6      | Reached skill level 7 in Fighting
  9893 | D:6      | Reached skill level 5 in Dodging
 10135 | D:7      | Found a runed translucent door.
 10210 | D:7      | Found a staircase to the Ecumenical Temple.
 10220 | Temple   | Entered the Ecumenical Temple
 10396 | Temple   | Became a worshipper of Warmaster Okawaru
 10551 | D:7      | Noticed euginm's ghost (novice KoEn)
 10631 | D:7      | Found Zin's Purification Station.
 10633 | D:7      | Found a glowing silver altar of Zin.
 10641 | D:7      | Bought a potion of curing for 90 gold pieces
 11102 | D:7      | Reached XP level 10. HP: 86/86 MP: 10/10
 11121 | D:8      | Reached * piety under Okawaru
 11241 | D:8      | You fall through a shaft!
 11254 | D:9      | Reached skill level 1 in Invocations
 11651 | D:8      | Noticed a two-headed ogre
 12270 | D:9      | Reached ** piety under Okawaru
 12270 | D:9      | Reached skill level 1 in Armour
 12283 | D:9      | Reached skill level 8 in Fighting
 12356 | D:9      | Found Hitti's General Store.
 12359 | D:9      | Bought a scroll of identify for 28 gold pieces
 12359 | D:9      | Bought a scroll of magic mapping for 49 gold pieces
 12359 | D:9      | Bought a +2 pair of gloves of strength for 301 gold pieces
 12437 | D:9      | Found a glowing golden altar of the Shining One.
 12596 | D:9      | Found a snail-covered altar of Cheibriados.
 12749 | D:10     | Entered Level 10 of the Dungeon
 13039 | D:10     | Noticed a two-headed ogre
 13048 | D:10     | Killed a two-headed ogre
 13048 | D:10     | Reached skill level 5 in Invocations
 13111 | D:10     | Found a staircase to the Lair.
 13142 | D:10     | Reached *** piety under Okawaru
 13441 | D:10     | Reached XP level 11. HP: 95/95 MP: 15/15
 14030 | D:11     | Received a gift from Okawaru
 14290 | D:11     | Noticed Snorg
 14328 | D:11     | Killed Snorg
 14835 | D:11     | You fall through a shaft for 2 floors!
 14841 | D:13     | Noticed a purple ugly thing
 14847 | D:13     | Noticed a two-headed ogre
 14855 | D:13     | Reached **** piety under Okawaru
 14863 | D:13     | Killed a two-headed ogre
 14863 | D:13     | Received a gift from Okawaru
 14863 | D:13     | Reached skill level 9 in Fighting
 14922 | D:13     | Killed a purple ugly thing
 14974 | D:13     | Found a flagged portal.
 14979 | Bailey   | Entered a bailey
 15403 | Bailey   | Reached ***** piety under Okawaru
 15580 | Bailey   | Received a gift from Okawaru
 16141 | D:12     | Received a gift from Okawaru
 16290 | D:12     | Found a staircase to the Orcish Mines.
 16365 | D:11     | Noticed a brown ugly thing
 16416 | D:11     | Killed a brown ugly thing
 16416 | D:11     | Reached XP level 12. HP: 93/105 MP: 18/18
 16590 | D:11     | Received a gift from Okawaru
 16659 | D:11     | Noticed a centaur warrior
 16684 | D:11     | Killed a centaur warrior
 16974 | D:11     | Reached skill level 10 in Fighting
 17531 | D:11     | Found Tiacwoimoe's Weapon Boutique.
 17992 | Lair:1   | Entered Level 1 of the Lair of Beasts
 18072 | Lair:1   | Received a gift from Okawaru
 18072 | Lair:1   | Reached skill level 15 in Bows
 18914 | Lair:1   | Noticed a seven-headed hydra
 18937 | Lair:1   | Killed a seven-headed hydra
 19544 | Lair:2   | Reached skill level 11 in Fighting
 19773 | Lair:1   | Reached XP level 13. HP: 109/116 MP: 20/20
 20969 | Lair:3   | Found a staircase to the Snake Pit.
 21382 | Lair:3   | Found a staircase to the Shoals.
 22077 | Lair:4   | Received a gift from Okawaru
 22077 | Lair:4   | Reached ****** piety under Okawaru
 22993 | Lair:4   | Reached skill level 12 in Fighting
 23659 | Lair:5   | Reached XP level 14. HP: 126/126 MP: 21/21
 24306 | Lair:6   | Entered Level 6 of the Lair of Beasts
 25803 | Lair:6   | Reached skill level 13 in Fighting
 25815 | Lair:6   | Received a gift from Okawaru
 25926 | Lair:6   | Reached XP level 15. HP: 135/135 MP: 22/22
 25949 | Lair:6   | Noticed Sonja
 25981 | Lair:6   | Reached skill level 10 in Invocations
 26085 | Lair:6   | Killed Sonja
 26667 | Lair:6   | Reached skill level 5 in Armour
 26844 | Lair:6   | Found a staircase to the Slime Pits.
 26910 | Lair:6   | Found a viscous altar of Jiyva.
 29348 | Orc:1    | Entered Level 1 of the Orcish Mines
 29572 | Orc:1    | Noticed an orc warlord
 29688 | Orc:1    | Killed an orc warlord
 29688 | Orc:1    | Received a gift from Okawaru
 29817 | Orc:1    | Got a shimmering scale mail {god gift}
 29828 | Orc:1    | Identified the +9 scale mail of Light {rF+ Str+4 Dex+4}
                  | (Okawaru gifted it to you on level 1 of the Orcish Mines)
 30231 | Orc:2    | Entered Level 2 of the Orcish Mines
 30257 | Orc:2    | Found a staircase to the Elven Halls.
 30613 | Orc:2    | Paralysed by an orc sorcerer for 7 turns
 30872 | Orc:2    | Paralysed by an orc sorcerer for 4 turns
 31042 | Orc:2    | Noticed an orc warlord
 31146 | Orc:1    | Killed an orc warlord
 31241 | Orc:2    | Noticed Urug
 31252 | Orc:2    | Killed Urug
 31294 | Orc:2    | Noticed Blork the orc
 31295 | Orc:2    | Killed Blork the orc
 31358 | Orc:2    | Found a roughly hewn altar of Beogh.
 31388 | Orc:2    | Found Recag's General Store.
 31397 | Orc:2    | Found Deicoh's Antique Weapon Shop.
 31423 | Orc:2    | Found Ihitukof's Jewellery Shop.
 31465 | Orc:2    | Found Raduaw's Antique Armour Shop.
 31563 | Orc:2    | Bought a polished scale mail for 261 gold pieces
 31573 | Orc:2    | Identified the cursed +1 scale mail "Yneudo" {MP+9 Dex+6}
                  | (You bought it in a shop on level 2 of the Orcish Mines)
 31580 | Orc:2    | Bought a runed plate armour for 754 gold pieces
 31614 | Orc:2    | Bought the amulet of Bessirgh {Reflect +Fly rPois Int+5
                  | SH+3} for 474 gold pieces
 31614 | Orc:2    | Bought an uncursed ring of protection from magic for 300
                  | gold pieces
 32068 | D:13     | Noticed Kirke
 32074 | D:13     | Noticed a sphinx
 32083 | D:13     | Killed Kirke
 32307 | D:13     | Found Xitoni's Food Shoppe.
 32767 | D:13     | Found a runed translucent gate.
 32767 | D:13     | Found a runed translucent gate.
 32767 | D:13     | Found a runed translucent gate.
 32768 | D:13     | Noticed Eclipse's ghost (journeyman DgWn)
 33388 | D:14     | Reached XP level 16. HP: 141/145 MP: 25/25
 33400 | D:14     | Reached skill level 14 in Fighting
 33616 | D:14     | Found a gate to the Vaults.
 33773 | D:14     | Got a glittering glass ring
 33775 | D:14     | Identified the ring "Tyddux" {rElec rN+} (You found it on
                  | level 14 of the Dungeon)
 34129 | D:15     | Entered Level 15 of the Dungeon
 34136 | D:15     | Received a gift from Okawaru
 34320 | D:15     | Received a gift from Okawaru
 34457 | D:15     | Found a staircase to the Depths.
 34701 | D:15     | Found a shattered altar of Ashenzari.
 36255 | Snake:1  | Entered Level 1 of the Snake Pit
 36823 | Snake:1  | Found a shimmering altar of Xom.
 36905 | Snake:1  | Got a twisted ring mail
 36952 | Snake:1  | Identified the +1 ring mail of Vlad {rF+ Int+6 Dex-3} (You
                  | found it on level 1 of the Snake Pit)
 37093 | Snake:1  | Noticed Agnes
 37158 | Snake:1  | Killed Agnes
 38307 | Snake:2  | Received a gift from Okawaru
 38314 | Snake:2  | Reached skill level 15 in Fighting
 38664 | Snake:2  | Received a gift from Okawaru
 39388 | Snake:3  | Received a gift from Okawaru
 39389 | Snake:3  | Got a dazzling shortbow {god gift}
 39399 | Snake:3  | Identified the +1 shortbow of Wyrd {venom, *Slow rN+++
                  | Dex+4} (Okawaru gifted it to you on level 3 of the Snake
                  | Pit)
 39738 | Snake:3  | Reached XP level 17. HP: 156/156 MP: 27/27
 40590 | Snake:4  | Entered Level 4 of the Snake Pit
 40871 | Snake:4  | Received a gift from Okawaru
 40971 | Snake:4  | Reached skill level 15 in Invocations
 41067 | Snake:4  | Noticed Asterion
 41111 | Snake:4  | Killed Asterion
 41846 | Snake:4  | Reached skill level 10 in Dodging
 42008 | Snake:4  | Reached skill level 16 in Fighting
 42750 | Snake:4  | Received a gift from Okawaru
 43323 | Snake:4  | Got a serpentine rune of Zot
 43670 | Snake:4  | Noticed Aizul
 43713 | Snake:4  | Killed Aizul
 43988 | Snake:4  | Reached XP level 18. HP: 168/168 MP: 30/30
 44131 | Snake:4  | Got a fine tin amulet
 44594 | Shoals:1 | Entered Level 1 of the Shoals
 44782 | Shoals:1 | Identified the amulet "Fonomy" {Harm *Drain +Inv +Fly rF-
                  | rC+} (You found it on level 4 of the Snake Pit)
 45531 | Shoals:1 | Reached skill level 1 in Stealth
 45602 | Shoals:1 | Found a runed translucent gate.
 45602 | Shoals:1 | Found a runed translucent gate.
 45602 | Shoals:1 | Found a runed translucent gate.
 45602 | Shoals:1 | Noticed gwm's ghost (journeyman MiBe)
 45602 | Shoals:1 | Noticed grerr's ghost (journeyman DsAK)
 45603 | Shoals:1 | Noticed haesbaert's ghost (journeyman OgTm)
 45640 | Shoals:1 | Found Riadd's Jewellery Boutique.
 46194 | Shoals:1 | Found Gushriur's Antique Armour Shop.
 46226 | Shoals:1 | Found Kata Zyc's Gadget Shoppe.
 46229 | Shoals:1 | Noticed Nikola
 46242 | Shoals:1 | Killed Nikola
 46242 | Shoals:1 | Received a gift from Okawaru
 46414 | Shoals:1 | Received a gift from Okawaru
 46847 | Shoals:2 | Reached skill level 17 in Fighting
 47093 | Shoals:2 | Received a gift from Okawaru
 47511 | Shoals:2 | Received a gift from Okawaru
 48479 | Shoals:3 | Received a gift from Okawaru
 48835 | Shoals:3 | Received a gift from Okawaru
 49775 | Shoals:4 | Entered Level 4 of the Shoals
 50366 | Shoals:4 | Received a gift from Okawaru
 50367 | Shoals:4 | Found the +0 Maxwell's etheric cage {RegenMP+ *Contam rElec
                  | MP+4}
 51820 | Shoals:4 | Got a barnacled rune of Zot
 52035 | Shoals:4 | Reached XP level 19. HP: 169/177 MP: 31/31
 53086 | Shoals:4 | Identified the Papyrus of the Traveller and the Snowflakes
 53745 | Vaults:1 | Entered Level 1 of the Vaults
 55163 | Vaults:1 | Received a gift from Okawaru
 55458 | Vaults:1 | Found a runed translucent gate.
 55467 | Vaults:1 | Found an opulent altar of Gozag.
 55468 | Vaults:1 | Found a runed translucent gate.
 55476 | Vaults:1 | Found a runed translucent gate.
 55476 | Vaults:1 | Found Lyacoan's Assorted Antiques.
 55477 | Vaults:1 | Noticed Kikkiu's ghost (adept MfHu)
 55507 | Vaults:1 | Received a gift from Okawaru
 55507 | Vaults:1 | Reached skill level 18 in Fighting
 56232 | Vaults:1 | You fall through a shaft!
 57409 | Shoals:1 | Bought an encrusted plate armour for 1008 gold pieces
 57419 | Shoals:1 | Identified the cursed +0 plate armour "Fobrot" {rC- Dex+4}
                  | (You bought it in a shop on level 1 of the Shoals)
 58187 | Vaults:2 | Received a gift from Okawaru
 58598 | Vaults:2 | Received a gift from Okawaru
 58598 | Vaults:2 | Reached skill level 10 in Armour
 59187 | Vaults:2 | Reached XP level 20. HP: 188/188 MP: 33/33
 59759 | Vaults:2 | Received a gift from Okawaru
 60630 | Vaults:3 | Noticed Bai Suzhen
 60701 | Vaults:2 | Killed Bai Suzhen
 60701 | Vaults:2 | Reached skill level 5 in Stealth
 60989 | Vaults:3 | Found a staircase to the Crypt.
 61014 | Vaults:3 | Found Ryps's Weapon Boutique.
 61910 | Vaults:3 | Reached skill level 19 in Fighting
 62293 | Vaults:3 | Received a gift from Okawaru
 62947 | Vaults:4 | Noticed Xtahua
 62990 | Vaults:4 | Killed Xtahua
 63482 | Vaults:4 | Received a gift from Okawaru
 63684 | Vaults:4 | Noticed Saint Roka
 63713 | Vaults:4 | Killed Saint Roka
 63983 | Vaults:4 | Received a gift from Okawaru
 64154 | Vaults:4 | Found Boaz's Food Emporium.
 64182 | Vaults:4 | Reached XP level 21. HP: 198/198 MP: 34/34
 64621 | Vaults:4 | Received a gift from Okawaru
 64622 | Vaults:4 | Got a shimmering longbow {god gift}
 64623 | Vaults:4 | Identified the +8 longbow of Zagaladucou {venom, rF- Dex+5}
                  | (Okawaru gifted it to you on level 4 of the Vaults)
 65024 | Elf:1    | Entered Level 1 of the Elven Halls
 65132 | Elf:1    | Found a ruined gateway.
 65197 | Desolati | Entered the Desolation of Salt
 65982 | Desolati | Found the +0 mask of the Dragon {MR+ Slay+3 SInv}
 66043 | Desolati | Learned a level 8 spell: Controlled Blink
 66044 | Desolati | Identified the Compendium of Shifting Aid
 66046 | Desolati | Identified Sif Muna's Papyrus of Icy Clay
 66146 | Desolati | Reached skill level 1 in Translocations
 66245 | Desolati | Received a gift from Okawaru
 66259 | Desolati | Got an ebony longbow {god gift}
 66261 | Desolati | Identified the +1 longbow "Muhof" {venom, rPois rF++ Int-5
                  | Dex+2} (Okawaru gifted it to you in the Desolation of Salt)
 66485 | Desolati | Got a coiled silver ring
 66487 | Desolati | Identified the ring "Punloptuoff" {rC+ Int+2} (You found it
                  | in the Desolation of Salt)
 66492 | Desolati | Got a steaming cloak
 66503 | Desolati | Identified the +4 cloak "Ejut" {Dex+3} (You found it in the
                  | Desolation of Salt)
 66537 | Desolati | Got a twitching bone ring
 66539 | Desolati | Identified the ring of Doinonn {MR+ Dex+4} (You found it in
                  | the Desolation of Salt)
 66979 | Desolati | Got a transparent ivory ring
 67005 | Desolati | Identified the Volume of the Feathery Volcanoes
 67012 | Desolati | Got a glittering lapis lazuli ring
 67014 | Desolati | Identified the ring of Daffodils {*Tele +Fly MR+} (You
                  | found it in the Desolation of Salt)
 67016 | Desolati | Identified the ring "Umuciguh" {Dex+4 Stlth+} (You found it
                  | in the Desolation of Salt)
 67566 | Elf:1    | Received a gift from Okawaru
 67595 | Elf:1    | Got a scorched centaur barding {god gift}
 67666 | Elf:1    | Identified the +1 centaur barding of Negation {rElec rF+
                  | rC+ Int-4} (Okawaru gifted it to you on level 1 of the
                  | Elven Halls)
 67871 | Elf:1    | Reached skill level 5 in Translocations
 68585 | Elf:2    | Reached skill level 20 in Fighting
 68805 | Elf:2    | Identified a scroll of acquirement
 69121 | Elf:2    | Found a runed translucent gate.
 69121 | Elf:2    | Found a runed translucent gate.
 69121 | Elf:2    | Found a runed translucent gate.
 69974 | Elf:2    | Reached XP level 22. HP: 190/208 MP: 36/36
 70014 | Elf:2    | Received a gift from Okawaru
 70143 | Elf:3    | Entered Level 3 of the Elven Halls
 70271 | Elf:3    | Identified Roxanne's Almanac of Transformation
 70271 | Elf:3    | Noticed Roxanne
 70290 | Elf:3    | Killed Roxanne
 71744 | Elf:3    | Identified the +5 quarterstaff "Seuluoc" {speed, rF+ MR+}
 71749 | Elf:3    | Identified the cursed +1 war axe of Yredelemnul's Hatred
                  | {drain, Str+4}
 71752 | Elf:3    | Received a gift from Okawaru
 72081 | Elf:3    | Identified the +10 dagger "Giorr" {pierce, MR+}
 72111 | Elf:3    | Identified the Collected Works on Sinister Magic and
                  | Lightness
 72153 | Elf:3    | Learned a level 2 spell: Blink
 72157 | Elf:3    | Learned a level 3 spell: Teleport Other
 72161 | Elf:3    | Learned a level 3 spell: Gell's Gravitas
 72466 | Elf:3    | Identified Baschueg's Guide on the Ashen Snowflakes
 72553 | Elf:3    | Got a clouded tin ring
 72563 | Elf:3    | Identified the ring of Usuicoiz {MR+ Int+2 SInv} (You found
                  | it on level 3 of the Elven Halls)
 72916 | Vaults:4 | Learned a level 3 spell: Portal Projectile
 72921 | Vaults:4 | Learned a level 4 spell: Passage of Golubria
 73069 | Depths:1 | Entered Level 1 of the Depths
 73140 | Depths:1 | Reached skill level 10 in Translocations
 73379 | Depths:1 | Found a gateway to Hell.
 74396 | Depths:1 | Found a one-way gate to the infinite horrors of the Abyss.
 74887 | Depths:2 | Received a gift from Okawaru
 75124 | Depths:2 | Identified the +1 faerie dragon scales {+Blink Regen+
                  | rCorr}
 75124 | Depths:2 | Noticed the Enchantress
 75157 | Depths:2 | Reached XP level 23. HP: 182/217 MP: 37/37
 75209 | Depths:1 | Killed the Enchantress
 75209 | Depths:1 | Received a gift from Okawaru
 75213 | Depths:1 | Got a pitted helmet {god gift}
 75224 | Depths:1 | Identified the -1 helmet of Chimes {rF- rC+++ Regen+}
                  | (Okawaru gifted it to you on level 1 of the Depths)
 75713 | Depths:2 | Reached skill level 1 in Short Blades
 76744 | Depths:2 | Reached skill level 21 in Fighting
 77098 | Depths:2 | Identified Sif Muna's Incunabulum of Enthralling Creation
 78079 | Depths:3 | Reached skill level 5 in Short Blades
 78210 | Depths:3 | Found a one-way gate leading to the halls of Pandemonium.
 78393 | Depths:3 | Noticed Boris
 78412 | Depths:3 | Killed Boris
 78593 | Depths:3 | Found a sparkling altar of Nemelex Xobeh.
 78803 | Depths:3 | Found a runed translucent door.
 78830 | Depths:3 | Received a gift from Okawaru
 79604 | Depths:3 | Noticed a caustic shrike
 79617 | Depths:3 | Killed a caustic shrike
 81331 | Depths:4 | Got a scorched scale mail
 81332 | Depths:4 | Identified the +2 scale mail of Faosu {Stlth+} (You found
                  | it on level 4 of the Depths)
 81709 | Depths:4 | Reached XP level 24. HP: 172/228 MP: 37/37
 81789 | Depths:4 | Received a gift from Okawaru
 82692 | Depths:5 | Entered Level 5 of the Depths
 82902 | Depths:5 | Received a gift from Okawaru
 83437 | Depths:5 | Found Ruex's Distillery.
 83448 | Depths:5 | Bought a potion of heal wounds for 80 gold pieces
 83448 | Depths:5 | Bought a potion of haste for 160 gold pieces
 83518 | Depths:5 | Found a gateway to a ziggurat.
 83955 | Depths:5 | Received a gift from Okawaru
 84065 | Depths:5 | Found a gate to the Realm of Zot.
 85269 | Vaults:5 | Entered Level 5 of the Vaults
 85339 | Vaults:5 | Identified the +7 plate armour of the Eagle {rElec rN+++
                  | Str-2 Int-3}
 85349 | Vaults:5 | Received a gift from Okawaru
 85579 | Vaults:5 | Received a gift from Okawaru
 85659 | Vaults:5 | Reached skill level 10 in Short Blades
 85941 | Vaults:5 | Reached skill level 15 in Translocations
 86063 | Vaults:5 | Identified the ring of Midwinter {*Drain rPois rN+ SInv}
                  | (You found it on level 5 of the Vaults)
 86165 | Vaults:5 | Identified the cursed +0 long sword of Abuse {drain, rF+
                  | rN+ Str+2 Int+4}
 86207 | Vaults:5 | Reached skill level 22 in Fighting
 86356 | Vaults:5 | Received a gift from Okawaru
 86397 | Vaults:5 | Noticed Boris
 86440 | Vaults:5 | Killed Boris
 86871 | Vaults:5 | Received a gift from Okawaru
 87334 | Vaults:5 | Received a gift from Okawaru
 87334 | Vaults:5 | Reached XP level 25. HP: 223/238 MP: 37/37
 88032 | Vaults:5 | Got a silver rune of Zot
 88788 | Zot:1    | Entered Level 1 of the Realm of Zot
 88820 | Zot:1    | Received a gift from Okawaru
 89454 | Depths:5 | Learned a level 6 spell: Dispersal
 89478 | Zot:1    | Got a brightly glowing robe {god gift}
 89489 | Zot:1    | Identified the +1 robe "Ygoqol" {+Fly Int+3} (Okawaru
                  | gifted it to you on level 1 of the Realm of Zot)
 90265 | Zot:1    | Noticed an orb of fire
 90265 | Zot:1    | Gained mutation: You tend to lose your temper in combat.
                  | [an orb of fire]
 90266 | Zot:1    | Gained mutation: You do not regenerate when monsters are
                  | visible. [an orb of fire]
 90275 | Zot:1    | Killed an orb of fire
 90720 | Zot:2    | Noticed a Killer Klown
 90720 | Zot:2    | Noticed an ancient lich
 90720 | Zot:2    | Noticed an orb of fire
 90951 | Zot:2    | Noticed a Killer Klown
 91415 | Zot:2    | Gained mutation: You have supernaturally acute eyesight.
                  | (SInv) [an orb of fire]
 91415 | Zot:2    | Gained mutation: You often lose your temper in combat. [an
                  | orb of fire]
 91468 | Zot:2    | Gained mutation: You have an uncontrollable temper. [an orb
                  | of fire]
 91473 | Zot:1    | Gained mutation: You are dopey. (Int -2) [an orb of fire]
 91495 | Zot:1    | Gained mutation: You are frail. (-10% HP) [an orb of fire]
 91504 | Zot:1    | Killed an orb of fire
 92141 | Zot:1    | Killed a Killer Klown
 92183 | Zot:2    | Killed an ancient lich
 92183 | Zot:2    | Received a gift from Okawaru
 92202 | Zot:2    | Killed a Killer Klown
 92274 | Zot:2    | Received a gift from Okawaru
 92701 | Zot:2    | Received a gift from Okawaru
 92701 | Zot:2    | Reached skill level 23 in Fighting
 92935 | Zot:2    | Reached XP level 26. HP: 210/225 MP: 37/37
 96959 | Zot:4    | Received a gift from Okawaru
 96977 | Zot:4    | Identified the amulet of the Heron {Spirit +Fly MR- Str+2}
 97084 | Zot:5    | Entered Level 5 of the Realm of Zot
 97094 | Zot:5    | Found a runed translucent gate.
 97094 | Zot:5    | Found a runed translucent gate.
 97095 | Zot:5    | Found a runed translucent gate.
 97096 | Zot:5    | Noticed Delanovic's ghost (legendary GrFi)
 97097 | Zot:5    | Noticed sipior's ghost (master HOFi)
 97097 | Zot:5    | Noticed AxeAttX's ghost (adept DDFi)
 97097 | Zot:5    | Noticed Name63's ghost (legendary GnWn)
 97606 | Zot:5    | Noticed an orb of fire
 97618 | Zot:5    | Gained mutation: Potions are less effective at restoring
                  | your health. [an orb of fire]
 97620 | Zot:5    | Killed an orb of fire
 97620 | Zot:5    | Received a gift from Okawaru
 97941 | Zot:5    | Received a gift from Okawaru
 97949 | Zot:5    | Identified the -5 hat of the Scribe {rC+ rCorr} (Okawaru
                  | gifted it to you on level 5 of the Realm of Zot)
 97979 | Zot:5    | Noticed an ancient lich
 97999 | Zot:5    | Killed an ancient lich
 98172 | Zot:5    | Noticed an orb of fire
 98336 | Zot:5    | Noticed an ancient lich
 98365 | Zot:5    | Killed an ancient lich
 98516 | Zot:5    | Gained mutation: You occasionally shout uncontrollably at
                  | your foes. [an orb of fire]
 98531 | Zot:5    | Killed an orb of fire
 98531 | Zot:5    | Reached XP level 27. HP: 91/232 MP: 38/38
 99098 | Zot:5    | Received a gift from Okawaru
 99275 | Zot:5    | Identified the +2 ring mail "Aqemoghujo" {Int+4} (You found
                  | it on level 5 of the Realm of Zot)
 99288 | Zot:5    | Noticed an orb of fire
 99310 | Zot:5    | Gained mutation: Your magical capacity is low. (-10% MP)
                  | [an orb of fire]
 99330 | Zot:5    | Killed an orb of fire
 99770 | Zot:5    | Received a gift from Okawaru
 99773 | Zot:5    | Identified the +12 plate armour "Iceexkar" {rC+++ Int+3
                  | SInv Stlth-} (Okawaru gifted it to you on level 5 of the
                  | Realm of Zot)
100185 | Zot:5    | Reached skill level 24 in Fighting
100248 | Zot:5    | Noticed an ancient lich
100265 | Zot:5    | Killed an ancient lich
100608 | Zot:5    | Got the Orb of Zot
101167 | D:5      | Noticed Etzam the pandemonium lord
101441 | D:$      | Escaped with the Orb!

Skill      XL: |  1  2  3  4  5  6  7  8  9 10 11 12 13 14 15 16 17 18 19 20 21 22 23 24 25 26 27 |
---------------+----------------------------------------------------------------------------------+-----
Bows           | 6 7 8 10 11 13 14 16 19 20 | 20.0
Dodging        | 2 3 4 5 6 7 8 9 10 11 12 13 | 13.5
Fighting       | 3 4 5 6 7 8 9 11 12 13 15 16 17 18 19 20 21 22 23 24 | 24.0
Invocations    | 5 9 12 14 16 17 18 19 20 21 22 23 | 23.7
Armour         | 2 4 6 7 8 9 10 | 10.8
Stealth        | 3 4 5 6 |  6.4
Translocations | 6 11 13 15 18 19 20 | 20.5
Short Blades   | 7 10 | 10.0

Action                   |  1- 3 |  4- 6 |  7- 9 | 10-12 | 13-15 | 16-18 | 19-21 | 22-24 | 25-27 || total
-------------------------+-------+-------+-------+-------+-------+-------+-------+-------+-------++-------
Melee: Short sword       |    79 |       |       |       |       |       |       |       |       ||    79
       Kick              |    18 |    15 |     7 |    17 |     6 |       |       |    23 |       ||    86
       Rapier            |     7 |    88 |    19 |    37 |    11 |       |       |       |       ||   162
       Shortbow          |       |       |     1 |       |       |       |       |       |       ||     1
       Dagger            |       |       |       |       |       |       |       |    61 |     1 ||    62
 Fire: Shortbow          |    25 |   117 |   412 |  1262 |   870 |   104 |       |       |       ||  2790
       Longbow           |       |       |       |       |   744 |  2140 |  2421 |  1859 |  1256 ||  8420
Throw: Stone             |    25 |       |       |       |       |       |       |       |       ||    25
 Cast: Blink             |       |       |       |       |       |       |       |     3 |     1 ||     4
       Portal Projectile |       |       |       |       |       |       |       |     1 |       ||     1
       Dispersal         |       |       |       |       |       |       |       |       |     4 ||     4
Invok: Heroism           |       |       |       |     3 |     1 |       |       |     2 |     1 ||     7
       Finesse           |       |       |       |     3 |     3 |     3 |     2 |     3 |     5 ||    19
 Abil: Stop Flying       |       |       |       |       |       |     1 |       |       |       ||     1
  Use: Scroll            |     2 |     2 |     7 |     9 |     9 |    13 |    18 |    14 |    13 ||    87
       Potion            |       |       |       |       |     1 |     1 |     1 |     1 |     5 ||     9
  Eat: Chunk             |     3 |     6 |     9 |    17 |    20 |    11 |    39 |    23 |    19 ||   147
       Ration            |       |     1 |     1 |     1 |     4 |    10 |     1 |     6 |     7 ||    31
Armor: Leather armour    |    42 |    25 |       |       |       |       |       |       |       ||    67
       Ring mail         |       |    17 |    29 |    38 |   151 |       |       |       |       ||   235
       Scale mail        |       |       |    18 |       |    34 |   529 |   381 |   152 |   113 ||  1227
       Plate armour      |       |       |    51 |   175 |       |       |       |       |       ||   226
Dodge: Dodged            |    40 |    30 |    29 |    66 |   179 |   400 |   417 |   230 |   192 ||  1583
Block: Other             |       |       |       |       |     1 |    75 |    67 |    38 |    16 ||   197
       Reflection        |       |       |       |       |       |    14 |    16 |    15 |       ||    45
